 Dungeon Crawl Stone Soup version 0.21-a0-215-g0631661 (webtiles) character file.

107 namelastname112 the Gusty (level 4, 0/25 HPs)
             Began as a Tengu Air Elementalist on Aug 22, 2017.
             Slain by Crazy Yiuf
             ... wielding a +3 quarterstaff of chaos
              (13 damage)
             ... on level 2 of the Dungeon.
             The game lasted 00:03:20 (2384 turns).

namelastname112 the Gusty (Tengu Air Elementalist)  Turns: 2384, Time: 00:03:21

Health: 0/25       AC:  2    Str:  8    XL:     4   Next: 86%
Magic:  0/9        EV: 13    Int: 19    God:
Gold:   100        SH:  0    Dex: 15    Spells: 4/8 levels left

rFire    . . .     SeeInvis .   o - +2 dagger (protect)
rCold    . . .     Gourm    .   (no shield)
rNeg     . . .     Faith    .   a - +0 robe
rPois    .         Spirit   .   (helmet restricted)
rElec    .         Reflect  .   (no cloak)
rCorr    .         Harm     .   (no gloves)
MR       .....                  (boots unavailable)
Stlth    +.........             (no amulet)
HPRegen  0.08/turn              d - +3 ring of intelligence
MPRegen  0.11/turn              m - ring of loudness (curse)

@: no status effects
A: beak, talons 3
a: no special abilities


You were on level 2 of the Dungeon.
You were very hungry.

You visited 1 branch of the dungeon, and saw 2 of its levels.

You collected 100 gold pieces.

Inventory:

Hand Weapons
 o - a +2 dagger of protection (weapon)
Armour
 a - a +0 robe (worn)
Jewellery
 d - a +3 ring of intelligence (left hand)
 m - a cursed ring of loudness (right hand)
Scrolls
 f - a scroll of remove curse {unknown}
 g - 4 scrolls of identify {unknown}
 h - 2 scrolls of teleportation {unknown}
 k - a scroll of enchant armour {unknown}
 p - a scroll of immolation {unknown}
 r - a scroll of fear {unknown}
Potions
 e - 2 potions of agility {unknown}
 i - a potion of haste {unknown}
 j - a potion of berserk rage {unknown}
 l - 2 potions of cancellation {unknown}
 n - a potion of lignification {unknown}
 s - a potion of heal wounds {unknown}
Books
 b - a book of Air

   Spells                             Type                      Level
   a - Shock                          Conjuration/Air              1
   b - Swiftness                      Charms/Air                   2
   c - Static Discharge               Conjuration/Air              3
   d - Airstrike                      Air                          4
   e - Lightning Bolt                 Conjuration/Air              5
Comestibles
 c - 2 bread rations
 q - a fruit


   Skills:
 + Level 1.1 Fighting
 + Level 3.1 Dodging
 - Level 2.0 Stealth
 + Level 2.7 Spellcasting
 + Level 3.1 Conjurations
 + Level 4.8 Air Magic


You had 4 spell levels left.
You knew the following spells:

 Your Spells              Type           Power        Failure   Level  Hunger
x - Static Discharge      Conj/Air       ###.....     9%          3    ###....
z - Shock                 Conj/Air       ###.         3%          1    None


Dungeon Overview and Level Annotations

Branches:
Dungeon (2/15)

Altars:

Annotations:
D:2 Crazy Yiuf


Innate Abilities, Weirdness & Mutations

You have a beak for a mouth.
You have claws for feet.


Message History

Crazy Yiuf is moderately wounded.
The lightning arcs!
You are struck by lightning.
The lightning grounds out.
You are feeling very hungry.
Crazy Yiuf hits you with a quarterstaff of chaos.
You take 7 damage, and have 18/25 hp.
MASSIVE DAMAGE!!
You now have 6/9 mp.
Crazy Yiuf is nearby!
Casting: Static Discharge
Confirm with . or Enter, or press ? or * to list all spells.
Crazy Yiuf is struck by lightning.
Crazy Yiuf is severely wounded.
The lightning arcs!
You are struck by lightning.
The lightning grounds out.
You take 2 damage, and have 16/25 hp.
You now have 3/9 mp.
Casting: Static Discharge
Confirm with . or Enter, or press ? or * to list all spells.
Crazy Yiuf is struck by lightning.
Crazy Yiuf is severely wounded.
The lightning arcs!
You are struck by lightning.
The lightning grounds out.
Crazy Yiuf hits you with a quarterstaff of chaos!
Ouch! That really hurt!
You die...

#.##.........#
#...
#.############
#.P# #.# #.P# ###
####.# #..#.#
#####.#### #
####♣♣ ### #.....#
# ##....♣♣ ♣♣#..)#
#####.# #
#......♣♣♣♣@g...#
### #.# #
##.......♣..♣#...#
#.###.#### #
#..#....♣.♣♣♣ ###
#......... #
#.####♣♣♣♣♣
#.########
#####)### ### #
.)......#
######### # #


You could see Crazy Yiuf.

Vanquished Creatures
  2 adders (D:2)
  2 oozes (D:2)
  4 worms (D:2)
  3 dart slugs (D:1)
  3 leopard geckos
  A ball python (D:1)
  3 giant cockroaches
  8 goblins
  6 hobgoblins
  6 jackals
  7 bats (D:1)
  3 frilled lizards
  2 kobolds (D:2)
  9 rats
59 creatures vanquished.

Notes
Turn   | Place    | Note
-------+----------+-------------------------------------------
     0 | D:1      | namelastname112 the Tengu Air Elementalist began the quest for the Orb.
     0 | D:1      | Reached XP level 1. HP: 10/10 MP: 4/4
     0 | D:1      | epen: я же раньше стартанул
     0 | D:1      | epen: чем ты умер
     3 | D:1      | epen: !gkills namelastname112
     3 | D:1      | beem: 221 kills by namelastname112's ghost: 42x namelastname112, 4x Reinor, 3x Lathuz, 3x Uhlv, 3x George, 3x ololoev, 3x Duffy, 3x Viceroy, 3x Azzok, 3x FIQ, 3x crauler, 3x Gagarin, 2x wvc, 2x hornqvist, 2x Slowdrip, 2x Zhenya25pyc, 2x kae, 2x Viilla, 2x sKa, 2x PeterLawrence, 2x Lovchig, 2x Ratboiler, dngmouse, ReniFell, cada, davidgn, Trafet, natiam, ConnectionFaild, Chiseanne, Amnesiac, syage, Zig...
     3 | D:1      | namelastname112: лол
     3 | D:1      | namelastname112: поверь
     3 | D:1      | namelastname112: это не влияет
   103 | D:1      | epen: Лол
   117 | D:1      | epen: ни разу не убил
   228 | D:1      | epen: !gkills epen
   229 | D:1      | beem: 35 kills by epen's ghost: 7x epen, Aviak, Pr0man, tstbtto, beholder, crawlian, Shtopit, ThereIsNoGod, Tux, George, azzavlup, imganon, ontamu, Azzok, Hipnos, Aquadorian, Murumi, mistymad, Roxy, brucemayne, namelastname112, st0uf, Yehuk, WhatIsLove, oplop, murphy, Monsterracer, Marenglen, Kidiri
   246 | D:1      | Reached XP level 2. HP: 9/16 MP: 0/6
   310 | D:1      | epen: Жди короче
   488 | D:1      | epen: на д5 где-то
   581 | D:1      | epen: там я сдох от кентавра
   616 | D:1      | Reached XP level 3. HP: 17/20 MP: 1/7
   672 | D:1      | Learned a level 3 spell: Static Discharge
  1149 | D:2      | Reached skill level 1 in Fighting
  1223 | D:2      | Reached XP level 4. HP: 25/25 MP: 6/8
  1724 | D:2      | Found a faded altar of an unknown god.
  1905 | D:2      | Found a runed door.
  2379 | D:2      | Noticed Crazy Yiuf
  2384 | D:2      | Slain by Crazy Yiuf

Vault maps used:
D:1:      nicolae_arrival_somewhat_less_tricky_arrival, minmay_tromino_i4
D:2:      chequers_ecumenical_altar_lobes, uniq_crazy_yiuf_cottage

Skill      XL: |  1  2  3  4 |
---------------+-------------+-----
Conjurations   | 2 3 |  3.1
Fighting       | 1 |  1.1
Dodging        | 3 |  3.1
Stealth        | |  2.0
Spellcasting   | |  2.7
Air Magic      | |  4.8

Action                   |  1- 3 |  4- 6 || total
-------------------------+-------+-------++-------
Melee: Unarmed           |    12 |       ||    12
       Kick              |     8 |     3 ||    11
       Peck              |     1 |     1 ||     2
       Dagger            |    22 |    12 ||    34
 Cast: Shock             |    55 |    51 ||   106
       Static Discharge  |       |     3 ||     3
 Stab: Sleeping          |     2 |       ||     2
  Eat: Chunk             |     1 |     3 ||     4
Armor: Robe              |     7 |     3 ||    10
Dodge: Dodged            |    35 |    16 ||    51

Table legend:
 A = Spawn XP
 B = Non-spawn XP
 C = Spawn XP percentage of total XP
 D = Spawn monster count
 E = Non-spawn monster count
 F = Spawn count percentage of total count
 G = Total turns spent on level
                    A         B        C        D         E        F      G
               +---------+---------+-------+---------+---------+-------+---------
         Total |      27 |     127 |  17.5 |       6 |      53 |  10.2 |  2384
               +---------+---------+-------+---------+---------+-------+---------
           D:1 |       4 |      56 |   6.7 |       2 |      31 |   6.1 |  1014
           D:2 |      23 |      71 |  24.5 |       4 |      22 |  15.4 |  1370
               +---------+---------+-------+---------+---------+-------+---------
